SR
NEWCASTLE MERMEN @ VALLEY VIEW COUGARS
07/16/2032
 
TOP OF THE 1ST
Newcastle Mermen batting - Pitching for Valley View Cougars : LHP Einar Engberg
Pitching: LHP Einar Engberg
Batting: RHB Jasa Anastasijevic 0-0: Ball
1-0: Foul Ball, location: 2F
1-1: SINGLE (Line Drive, 56)
Batting: LHB Jorge Castillo 0-0: Ball
1-0: Ball
2-0: Foul Ball, location: 2F
2-1: Called Strike
2-2: Strikes out swinging
Batting: RHB Katsuyuki Nakamura 0-0: Ball
1-0: Swinging Strike
1-1: Ball
2-1: Ball
3-1: Foul Ball, location: 2F
3-2: Foul Ball, location: 2F
3-2: Strikes out swinging
Jasa Anastasijevic is caught stealing 2nd base
Batter strikes out.
Top of the 1st over - 0 runs, 1 hit, 0 errors, 0 left on base; Newcastle 0 - Valley View 0
BOTTOM OF THE 1ST
Valley View Cougars batting - Pitching for Newcastle Mermen : RHP Misa Santrac
Pitching: RHP Misa Santrac
Batting: LHB António Casas 0-0: Foul Ball, location: 2F
0-1: Ball
1-1: DOUBLE (Line Drive, 8RD)
Batting: RHB Román Ramírez 0-0: Ball
1-0: Swinging Strike
1-1: Ball
2-1: SINGLE (Line Drive, 56)
António Casas to third
Batting: SHB Andy Woods 0-0: Ball
Román Ramírez steals 2nd base
1-0: Called Strike
1-1: Foul Ball, location: 2F
1-2: Strikes out swinging
Batting: RHB Carlos Mendoza 0-0: Ball
1-0: Ball
2-0: Ball
3-0: Base on Balls
Batting: LHB Manuel Gonzáles 0-0: Foul Ball, location: 2F
0-1: Called Strike
0-2: Ball
1-2: Foul Ball, location: 2F
1-2: Foul Ball, location: 2F
1-2: Ball
2-2: SINGLE (Groundball, 4MD)
António Casas scores
Román Ramírez to third
Carlos Mendoza to second
Runner from 3rd tries for Home, throw and OUT!
Batting: RHB Pedro Ortíz 0-0: Ball
1-0: Ball
2-0: SINGLE (Groundball, 5D)
Carlos Mendoza to third
Manuel Gonzáles to second
Runner from 3rd tries for Home, SAFE, throw made home
Batting: RHB Joshua Cadaval 0-0: Called Strike
0-1: Ball
1-1: Fly out, F6 (Line Drive, 6)
Bottom of the 1st over - 2 runs, 4 hits, 0 errors, 2 left on base; Newcastle 0 - Valley View 2
TOP OF THE 2ND
Newcastle Mermen batting - Pitching for Valley View Cougars : LHP Einar Engberg
Batting: RHB Seung-hwan Pak 0-0: Called Strike
0-1: Swinging Strike
0-2: Ball
1-2: Strikes out swinging
Batting: SHB Paul Graves 0-0: Fly out, F7 (Flyball, 78XD)
Batting: RHB Roberto Díaz 0-0: Ball
1-0: Called Strike
1-1: Fly out, F9 (Flyball, 89D)
Top of the 2nd over - 0 runs, 0 hits, 0 errors, 0 left on base; Newcastle 0 - Valley View 2
BOTTOM OF THE 2ND
Valley View Cougars batting - Pitching for Newcastle Mermen : RHP Misa Santrac
Batting: LHB Lucas Hancox 0-0: Called Strike
0-1: Called Strike
0-2: Fly out, F8 (Flyball, 8LXD)
Batting: RHB Salvador Hernández 0-0: Foul Ball, location: 2F
0-1: Ground out 5-3 (Groundball, 5L)
Batting: LHB António Casas 0-0: Called Strike
0-1: Ball
1-1: Swinging Strike
1-2: Strikes out swinging
Bottom of the 2nd over - 0 runs, 0 hits, 0 errors, 0 left on base; Newcastle 0 - Valley View 2
TOP OF THE 3RD
Newcastle Mermen batting - Pitching for Valley View Cougars : LHP Einar Engberg
Batting: SHB José García 0-0: Ball
1-0: Foul Ball, location: 2F
1-1: Ball
2-1: Called Strike
2-2: Ball
3-2: Base on Balls
Batting: RHB Ricardo Mireles 0-0: Ball
1-0: Hit by Pitch
José García to second
Batting: RHB Sergio Aguero 0-0: Ball
1-0: Fielders Choice at 2nd, 3-6 (Groundball, 34)
José García to third
Batting: RHB Jasa Anastasijevic 0-0: Foul Ball, location: 2F
0-1: Grounds into double play, 4-6-3 (Groundball, 4M)
Top of the 3rd over - 0 runs, 0 hits, 0 errors, 1 left on base; Newcastle 0 - Valley View 2
BOTTOM OF THE 3RD
Valley View Cougars batting - Pitching for Newcastle Mermen : RHP Misa Santrac
Batting: RHB Román Ramírez 0-0: Called Strike
0-1: Ball
1-1: Bunted foul
1-2: Reached on error, E6 (Groundball, 6M)
Batting: SHB Andy Woods 0-0: Called Strike
0-1: Ball
1-1: Ball
2-1: Foul Ball, location: 2F
2-2: Ball
3-2: Foul Ball, location: 2F
3-2: Strikes out swinging
Román Ramírez is caught stealing 2nd base
Batter strikes out.
Batting: RHB Carlos Mendoza 0-0: Foul Ball, location: 2F
0-1: Ball
1-1: Ball
2-1: Ball
3-1: Base on Balls
Batting: LHB Manuel Gonzáles 0-0: Called Strike
0-1: Called Strike
0-2: Foul Ball, location: 2F
0-2: Foul Ball, location: 2F
0-2: Strikes out looking
Bottom of the 3rd over - 0 runs, 0 hits, 1 error, 1 left on base; Newcastle 0 - Valley View 2
TOP OF THE 4TH
Newcastle Mermen batting - Pitching for Valley View Cougars : LHP Einar Engberg
Batting: LHB Jorge Castillo 0-0: Ball
1-0: SINGLE (Groundball, 34D)
Batting: RHB Katsuyuki Nakamura 0-0: Called Strike
0-1: Grounds into double play, 5-4-3 (Groundball, 56)
Batting: RHB Seung-hwan Pak 0-0: Ground out 5-3 (Groundball, 5)
Top of the 4th over - 0 runs, 1 hit, 0 errors, 0 left on base; Newcastle 0 - Valley View 2
BOTTOM OF THE 4TH
Valley View Cougars batting - Pitching for Newcastle Mermen : RHP Misa Santrac
Batting: RHB Pedro Ortíz 0-0: Ball
1-0: Called Strike
1-1: Ball
2-1: Ball
3-1: Called Strike
3-2: Foul Ball, location: 2F
3-2: Foul Ball, location: 2F
3-2: Foul Ball, location: 2F
3-2: Foul Ball, location: 2F
3-2: SINGLE (Groundball, 4MD)
Batting: RHB Joshua Cadaval 0-0: Ball
Throwing error on steal attempt, E2
Pedro Ortíz to third
1-0: Foul Ball, location: 2F
1-1: Ball
2-1: Swinging Strike
2-2: Foul Ball, location: 2F
2-2: Foul Ball, location: 2F
2-2: Foul Ball, location: 2F
2-2: Ball
3-2: Ground out 5-3 (Groundball, 56)
Pedro Ortíz scores
Batting: LHB Lucas Hancox 0-0: Called Strike
0-1: Fly out, F7 (Flyball, 78S)
Batting: RHB Salvador Hernández 0-0: Swinging Strike
0-1: Ball
1-1: SINGLE (Groundball, 6D)
Batting: LHB António Casas 0-0: Called Strike
Salvador Hernández steals 2nd base
0-1: Called Strike
0-2: Fly out, F3 (Popup, 3SF)
Bottom of the 4th over - 1 run, 2 hits, 1 error, 1 left on base; Newcastle 0 - Valley View 3
TOP OF THE 5TH
Newcastle Mermen batting - Pitching for Valley View Cougars : LHP Einar Engberg
Batting: SHB Paul Graves 0-0: Ball
1-0: Fly out, F5 (Line Drive, 56)
Batting: RHB Roberto Díaz 0-0: Ball
1-0: Ball
2-0: Foul Ball, location: 2F
2-1: SINGLE (Groundball, 6MD)
Batting: SHB José García 0-0: Ball
1-0: Ball
2-0: Foul Ball, location: 2F
2-1: Grounds into double play, 5-4-3 (Groundball, 5)
Top of the 5th over - 0 runs, 1 hit, 0 errors, 0 left on base; Newcastle 0 - Valley View 3
BOTTOM OF THE 5TH
Valley View Cougars batting - Pitching for Newcastle Mermen : RHP Misa Santrac
Batting: RHB Román Ramírez 0-0: Ball
1-0: Called Strike
1-1: Swinging Strike
1-2: Ball
2-2: Strikes out swinging
Batting: SHB Andy Woods 0-0: Ball
1-0: Fly out, F7 (Flyball, 7D)
Batting: RHB Carlos Mendoza 0-0: Called Strike
0-1: SINGLE (Flyball, 89S)
Batting: LHB Manuel Gonzáles 0-0: Ball
1-0: Fielders Choice at 2nd, 6-4 (Groundball, 6)
Bottom of the 5th over - 0 runs, 1 hit, 0 errors, 1 left on base; Newcastle 0 - Valley View 3
TOP OF THE 6TH
Newcastle Mermen batting - Pitching for Valley View Cougars : LHP Einar Engberg
Batting: RHB Ricardo Mireles 0-0: Ball
1-0: Ball
2-0: Foul Ball, location: 2F
2-1: SINGLE (Groundball, 56D)
Batting: RHB Sergio Aguero 0-0: Sac Bunt - play at first, batter OUT! 2-3
Ricardo Mireles to second
Batting: RHB Jasa Anastasijevic 0-0: Ball
1-0: Ball
2-0: Fly out, F8 (Flyball, 8LM)
Batting: LHB Jorge Castillo 0-0: Called Strike
0-1: Ball
1-1: Ball
2-1: Ball
3-1: Fly out, F8 (Flyball, 8LD)
Top of the 6th over - 0 runs, 1 hit, 0 errors, 1 left on base; Newcastle 0 - Valley View 3
BOTTOM OF THE 6TH
Valley View Cougars batting - Pitching for Newcastle Mermen : RHP Misa Santrac
Batting: RHB Pedro Ortíz 0-0: Called Strike
0-1: Ball
1-1: Ball
2-1: Fly out, F9 (Flyball, 89M)
Batting: RHB Joshua Cadaval 0-0: Called Strike
0-1: Fly out, F8 (Flyball, 8LM)
Batting: LHB Lucas Hancox 0-0: Fly out, F7 (Flyball, 7LM)
Bottom of the 6th over - 0 runs, 0 hits, 0 errors, 0 left on base; Newcastle 0 - Valley View 3
TOP OF THE 7TH
Newcastle Mermen batting - Pitching for Valley View Cougars : LHP Einar Engberg
Batting: RHB Katsuyuki Nakamura 0-0: Ground out 6-3 (Groundball, 6)
Batting: RHB Seung-hwan Pak 0-0: Ball
1-0: Called Strike
1-1: Foul Ball, location: 2F
1-2: Foul Ball, location: 2F
1-2: Ground out 6-3 (Groundball, 6)
Batting: SHB Paul Graves 0-0: Ground out 6-3 (Groundball, 56)
Top of the 7th over - 0 runs, 0 hits, 0 errors, 0 left on base; Newcastle 0 - Valley View 3
BOTTOM OF THE 7TH
Valley View Cougars batting - Pitching for Newcastle Mermen : RHP Misa Santrac
Batting: RHB Salvador Hernández 0-0: Called Strike
0-1: Ground out 4-3 (Groundball, 4MS)
Pitching: LHP Stephen Welch
Batting: LHB António Casas 0-0: Swinging Strike
0-1: Ball
1-1: Ball
2-1: Ball
3-1: Base on Balls
Batting: RHB Román Ramírez 0-0: Called Strike
0-1: Hit by Pitch
António Casas to second
Batting: SHB Andy Woods 0-0: Ball
1-0: SINGLE (Line Drive, 4MD)
António Casas to third
Román Ramírez to second
Batting: RHB Carlos Mendoza 0-0: Called Strike
0-1: Ball
1-1: Called Strike
1-2: Ball
2-2: Foul Ball, location: 2F
2-2: Ball
3-2: Foul Ball, location: 2F
3-2: SINGLE (Line Drive, 6MD)
António Casas scores
Román Ramírez to third
Andy Woods to second
Runner from 3rd tries for Home, SAFE, no throw
Batting: LHB Manuel Gonzáles 0-0: Ball
1-0: Ball
2-0: Swinging Strike
2-1: SINGLE (Line Drive, 34)
Andy Woods to third
Carlos Mendoza to second
Batting: RHB Pedro Ortíz 0-0: Foul Ball, location: 2F
0-1: Grounds into fielders choice 6-2 (Groundball, 6S)
Carlos Mendoza to third
Manuel Gonzáles to second
Batting: RHB Joshua Cadaval 0-0: Foul Ball, location: 2F
0-1: Ball
1-1: Swinging Strike
1-2: Ball
2-2: Strikes out swinging
Bottom of the 7th over - 2 runs, 3 hits, 0 errors, 3 left on base; Newcastle 0 - Valley View 5
TOP OF THE 8TH
Newcastle Mermen batting - Pitching for Valley View Cougars : LHP Einar Engberg
Batting: RHB Roberto Díaz 0-0: Ball
1-0: Ball
2-0: Called Strike
2-1: Called Strike
2-2: Foul Ball, location: 2F
2-2: Ground out 5-3 (Groundball, 56)
Batting: SHB José García 0-0: Ball
1-0: SINGLE (Groundball, 34D)
Batting: RHB Ricardo Mireles 0-0: Ball
1-0: Grounds into double play, 6-4-3 (Groundball, 6)
Top of the 8th over - 0 runs, 1 hit, 0 errors, 0 left on base; Newcastle 0 - Valley View 5
BOTTOM OF THE 8TH
Valley View Cougars batting - Pitching for Newcastle Mermen : LHP Stephen Welch
Batting: LHB Lucas Hancox 0-0: Called Strike
0-1: Fly out, F8 (Flyball, 8RM)
Batting: RHB Salvador Hernández 0-0: Ball
1-0: Ball
2-0: Called Strike
2-1: SINGLE (Line Drive, 8LS)
Batting: LHB António Casas 0-0: Ball
1-0: Foul Ball, location: 2F
1-1: SINGLE (Groundball, 56D)
Salvador Hernández to second
Batting: RHB Román Ramírez 0-0: SINGLE (Groundball, 56D)
Salvador Hernández to third
António Casas to second
Runner from 3rd tries for Home, SAFE, throw made home
Batting: SHB Andy Woods 0-0: Ball
1-0: Called Strike
1-1: Swinging Strike
1-2: Fly out, F7 (Flyball, 78D)
Batting: RHB Carlos Mendoza 0-0: Called Strike
0-1: Fly out, F8 (Flyball, 8RS)
Bottom of the 8th over - 1 run, 3 hits, 0 errors, 2 left on base; Newcastle 0 - Valley View 6
TOP OF THE 9TH
Newcastle Mermen batting - Pitching for Valley View Cougars : LHP Einar Engberg
Batting: RHB Sergio Aguero 0-0: Called Strike
0-1: Called Strike
0-2: Foul Ball, location: 2F
0-2: Ball
1-2: Ball
2-2: Ball
3-2: Strikes out swinging
Batting: RHB Jasa Anastasijevic 0-0: Ball
1-0: Ball
2-0: Ground out 6-3 (Groundball, 6)
Batting: LHB Jorge Castillo 0-0: Swinging Strike
0-1: Foul Ball, location: 2F
0-2: Foul Ball, location: 2F
0-2: Reached via error on a dropped throw, E3
Batting: RHB Katsuyuki Nakamura 0-0: Ball
1-0: Fly out, F5 (Line Drive, 56)
Top of the 9th over - 0 runs, 0 hits, 1 error, 1 left on base; Newcastle 0 - Valley View 6
Wednesday, September 19th, 2018 - OOTP Baseball 18.8 Build 76